Map: Eastwatch LE

Players

fruitcake

  • Race: Protoss Protoss
  • Spawn Location: 7:00

TKBjaguar - Winner!

  • Race: Terran Terran
  • League: Silver
  • Spawn Location: 1:00

VOD

Have the link to the VOD?

Description

Time

  • Played on: May 9, 2018, 8:05 p.m.
  • Length: 14:39
Show
View Real Time Build Order
Export as new Build Order

fruitcake Protoss 

Build Orders:  

Get SALT Encoding   

  1  0:00  Probe  
  12  0:04  Probe  
  14  0:19  Pylon  
  14  0:21  Probe  
  15  0:28  Assimilator  
  15  0:37  Probe  
  16  0:43  Gateway  
  16  0:57  Probe  
  17  1:05  Forge, Probe  
  18  1:13  Probe  
  18  1:14  Assimilator  
  19  1:24  Probe  
  20  1:49  Pylon  
  20  1:59  Zealot  
  22  2:02  Nexus  
  22  2:11  Pylon  
  22  2:20  Zealot  
  22  2:21  Pylon  
  22  2:25  Cybernetics Core  
  24  2:43  Warp Gate  
  24  2:48  Probe  
  25  3:00  Probe  
  25  3:05  Stalker  
  28  3:13  Probe  
  28  3:17  Probe  
  30  3:22  Probe  
  31  3:29  Probe  
  31  3:31  Probe  
  31  3:32  Pylon  
  33  3:35  Stalker  
  33  3:37  Assimilator  
  35  3:41  Probe  
  35  3:43  Probe  
  35  3:46  Stargate  
  37  3:56  Twilight Council  
  37  4:02  Probe  
  38  4:05  Adept  
  38  4:06  Probe  
  41  4:14  Probe  
  41  4:16  Assimilator  
  42  4:18  Probe  
  43  4:26  Probe  
  43  4:27  Pylon  
  44  4:31  Gateway  
  44  4:32  Oracle  
  47  4:39  Probe  
  48  4:52  Probe  
  49  5:00  Templar Archives  
  49  5:09  Oracle  
  49  5:14  Stalker  
  54  5:19  Probe  
  55  5:21  Pylon  
  55  5:27  Protoss Ground Weapons Level 1  
  55  5:30  Gateway  
  55  5:31  Gateway, Probe  
  55  5:34  Gateway  
  56  5:36  Gateway  
  56  5:43  Probe  
  50  6:29  Stalker x2  
  48  6:40  Stalker  
  48  6:41  Stalker x3  
  45  7:16  Probe  
  46  7:23  Photon Cannon  
  46  7:24  Photon Cannon  
  46  7:28  Probe  
  47  7:31  Pylon  
  47  7:36  Photon Cannon  
  47  7:38  Photon Cannon  
  47  7:53  Probe  
  48  7:58  Pylon  
  48  8:01  High Templar  
  48  8:02  Probe  
  51  8:09  Probe  
  51  8:10  Probe  
  52  8:17  Probe  
  52  8:18  Probe  
  53  8:25  Probe  
  53  8:26  Probe  
  55  8:28  Charge  
  55  8:30  High Templar  
  55  8:33  Zealot  
  55  8:34  Zealot x2  
  63  8:35  Zealot x2, Probe x2  
  71  8:46  Probe  
  71  8:47  Probe  
  73  8:52  Photon Cannon  
  73  8:56  Pylon  
  73  8:58  Probe  
  74  9:09  Void Ray  
  78  9:13  Probe  
  78  9:16  Protoss Ground Weapons Level 2  
  79  9:21  Probe  
  79  9:27  Photon Cannon  
  79  9:28  Photon Cannon  
  79  9:30  Probe  
  79  9:31  Probe  
  82  9:41  Probe x2  
  84  9:49  Probe  
  84  9:52  Phoenix  
  86  9:53  Nexus  
  87  10:31  Probe x2  
  87  10:34  High Templar x4  
  97  10:39  Archon x2  
  97  10:43  Probe x2  
  99  10:52  High Templar  
  99  10:55  Probe  
  102  11:01  Pylon  
  102  11:03  Assimilator  
  102  11:04  Probe  
  102  11:07  Pylon, Assimilator  
  102  11:11  Pylon, Probe x2  
  105  11:17  High Templar x2, Gateway x2  
  105  11:18  High Templar x2  
  113  11:19  Gateway  
  113  11:24  Archon  
  113  11:25  Archon  
  113  11:32  Probe  
  114  11:44  Probe  
  112  11:56  Probe  
  113  12:15  Phoenix  
  115  12:21  Probe x2  
  117  12:24  High Templar  
  117  12:25  High Templar x4  
  118  12:37  Phoenix  
  118  12:41  Probe  
  121  13:03  Probe  
  122  13:09  High Templar x2  
  122  13:12  Zealot  
  128  13:13  Zealot x2  
  128  13:15  Nexus  
  132  13:20  Archon  
  132  13:21  Archon  
  132  13:27  Probe x2  
  132  13:29  Probe  
  135  13:39  High Templar x3  
  141  13:47  Pylon  
  141  13:48  Pylon  
  141  13:50  Pylon, Archon  
  141  13:52  Pylon  
  141  13:54  Pylon  
  141  13:56  Pylon, Archon  
  141  13:58  Pylon  
  141  14:04  Probe  
  141  14:05  Probe x2  
  141  14:17  Probe  
  59  14:35  Stalker x2  
Show
View Real Time Build Order
Export as new Build Order

TKBjaguar Terran - Winner!

Build Orders:  

Get SALT Encoding   

  12  0:01  SCV  
  13  0:14  Supply Depot  
  13  0:19  SCV  
  14  0:31  SCV  
  15  0:39  Barracks  
  15  0:43  SCV  
  16  0:55  SCV  
  17  1:00  Refinery  
  17  1:07  SCV  
  18  1:14  Supply Depot  
  18  1:19  SCV  
  19  1:31  SCV  
  19  1:32  Marine  
  21  1:33  Barracks  
  21  1:43  SCV  
  22  1:50  Marine  
  23  1:55  SCV  
  24  2:07  SCV  
  25  2:10  Command Center  
  25  2:12  Marine  
  26  2:20  SCV  
  27  2:26  Factory  
  27  2:31  Barracks Tech Lab  
  27  2:41  Barracks Reactor  
  27  2:45  SCV, Refinery  
  28  2:58  SCV, Marauder  
  31  3:09  Bunker  
  31  3:17  Supply Depot  
  31  3:18  Orbital Command, Supply Depot  
  31  3:27  Marine  
  31  3:31  Marine x2  
  34  3:39  Factory Reactor  
  34  3:40  Starport  
  34  3:43  SCV  
  34  3:47  SCV  
  36  3:57  SCV  
  36  3:59  SCV  
  36  4:00  Marine, Marauder  
  41  4:03  Marine  
  41  4:09  SCV  
  43  4:11  SCV  
  44  4:18  Marine  
  44  4:21  Marine, Marauder  
  48  4:30  SCV x2  
  50  4:32  Medivac x2  
  50  4:35  Marine  
  50  4:36  Factory Tech Lab  
  55  4:38  Marine  
  55  4:42  Marine, SCV x2  
  58  4:51  Refinery  
  58  4:52  Refinery  
  58  4:54  SCV x2  
  60  5:01  Stimpack  
  60  5:04  Marauder  
  62  5:10  Supply Depot  
  62  5:12  Supply Depot  
  62  5:28  Orbital Command  
  62  5:31  Marine x3  
  65  5:40  Command Center  
  65  5:43  Siege Tank  
  65  5:48  SCV  
  65  5:49  Marine x3  
  70  6:00  SCV  
  69  6:06  Viking x2  
  69  6:07  Marine  
  69  6:08  Engineering Bay  
  73  6:13  Marine x2  
  74  6:25  Marine, SCV x2  
  77  6:31  Marine  
  78  6:35  Marine  
  78  6:37  SCV  
  78  6:39  SCV  
  78  6:42  Supply Depot  
  78  6:43  Marine  
  78  6:45  Supply Depot  
  78  6:51  SCV x2  
  78  6:52  SCV  
  81  7:04  SCV x2  
  70  7:09  SCV  
  70  7:10  Medivac x2  
  70  7:13  Siege Tank  
  70  7:15  Marine x3  
  79  7:16  SCV  
  79  7:17  SCV  
  79  7:21  SCV  
  84  7:27  Supply Depot x2  
  84  7:28  SCV, Supply Depot  
  85  7:31  Terran Infantry Weapons Level 1  
  85  7:33  Marine  
  85  7:34  Barracks  
  86  7:38  Armory  
  84  8:05  Marine x3  
  87  8:19  Missile Turret  
  87  8:23  Marine x2, Missile Turret  
  87  8:26  Missile Turret  
  89  8:30  Refinery  
  89  8:31  Barracks Reactor  
  89  8:33  Refinery  
  89  8:38  Barracks  
  89  8:40  Barracks  
  89  8:42  Marine x3  
  89  8:45  Siege Tank  
  89  8:47  Medivac  
  89  8:48  Medivac  
  99  8:54  Factory  
  99  8:58  Command Center  
  99  9:00  Marauder  
  101  9:15  Marine  
  101  9:16  Marine x3  
  105  9:21  Marine  
  106  9:31  Terran Vehicle And Ship Armor Level 1  
  106  9:33  Marine x2  
  106  9:35  Orbital Command  
  108  9:43  SCV x2  
  110  9:45  Marine  
  110  9:46  Marine x2  
  110  9:48  Siege Tank  
  110  9:51  Marine x2, Barracks Reactor  
  119  9:54  Terran Infantry Weapons Level 2, Barracks Reactor  
  119  9:55  SCV x2  
  120  10:03  Marine  
  121  10:08  Engineering Bay  
  121  10:13  Marine x4  
  125  10:17  Medivac x2  
  125  10:20  Siege Tank  
  131  10:21  Marine  
  131  10:27  Marine  
  131  10:28  Marine  
  134  10:30  Marine  
  134  10:31  Marine x3  
  138  10:39  Marine  
  139  10:49  Marine x5  
  143  10:50  Marine  
  143  10:52  Siege Tank, Factory Tech Lab  
  148  11:23  Supply Depot  
  148  11:24  Supply Depot  
  148  11:25  Supply Depot  
  148  11:26  Supply Depot  
  148  11:30  Terran Vehicle And Ship Armor Level 2  
  148  11:35  Terran Infantry Armor Level 1  
  148  11:44  Marine x3, SCV x2, Siege Tank  
  148  11:45  Marine x6, SCV x2  
  164  11:48  Supply Depot  
  163  11:57  SCV  
  163  11:59  Missile Turret  
  161  12:03  Marine  
  161  12:05  Refinery  
  161  12:06  SCV x3  
  161  12:07  Refinery  
  164  12:09  SCV, Siege Tank  
  164  12:11  Medivac x2  
  172  12:17  Siege Tank  
  172  12:18  SCV x3  
  172  12:19  Marine x4  
  172  12:20  Marine x5  
  172  12:21  SCV  
  188  12:47  Supply Depot x2  
  188  12:54  Supply Depot  
  188  12:55  Supply Depot  
  188  12:56  Planetary Fortress  
  188  12:59  Supply Depot  
  188  13:09  Marine x6, SCV, Siege Tank, Medivac  
  200  13:32  Barracks x2  
  200  13:34  Barracks  
  198  14:23  Barracks  
Tags
 
Add a new tag
Caveats
  • Supply blocks, unpowered buildings, or Contaminate may cause inaccurate times.
  • Supply counts are checked every 10 seconds.